 Dungeon Crawl Stone Soup version 0.28.0-47-ge53b351184 (webtiles) character file.

Game seed: 4962348341954227574

10 Exodus22XD the Skirmisher (level 2, 27/27 HPs)
             Began as a Minotaur Fighter on May 7, 2022.
             Was an Initiate of Gozag.
             Quit the game on level 1 of the Dungeon.
             The game lasted 00:01:03 (505 turns).

Exodus22XD the Skirmisher (Minotaur Fighter)         Turns: 505, Time: 00:01:04

Health: 27/27      AC:  8    Str: 20    XL:     2   Next: 10%
Magic:  1/1        EV:  8    Int:  5    God:    Gozag
Gold:   21         SH:  8    Dex:  9    Spells: 1/1 levels left

rFire   . . .      SeeInvis .   a - +0 war axe
rCold   . . .      Faith    .   g - +0 kite shield
rNeg    . . .      Spirit   .   b - +0 scale mail
rPois   .          Reflect  .   (helmet restricted)
rElec   .          Harm     .   (no cloak)
rCorr   .          Rampage  .   (no gloves)
Will    .....                   e - +0 pair of boots
Stlth   ..........              (no amulet)
HPRegen 0.09/turn               (no ring)
MPRegen 0.07/turn               (no ring)

@: no status effects
A: horns 2, retaliatory headbutt
a: Renounce Religion, Potion Petition, Call Merchant, Bribe Branch


You were on level 1 of the Dungeon.
You worshipped Gozag.
Gozag was noncommittal.
You visited 1 branch of the dungeon, and saw 1 of its levels.

You collected 21 gold pieces.

Inventory:

Hand Weapons
 a - a +0 war axe (weapon)
Armour
 b - a +0 scale mail (worn)
 c - a +0 buckler
 e - a +0 pair of boots (worn)
 g - a +0 kite shield (worn)
Potions
 d - a potion of might
 f - 2 potions of cancellation {unknown}


   Skills:
 + Level 3.9 Fighting
 + Level 2.5 Axes
 + Level 3.9 Armour
 + Level 3.8 Shields


You had one spell level left.
You didn't know any spells.
Your spell library was empty.

Dungeon Overview and Level Annotations

Branches:
Dungeon (1/15)

Altars:
Gozag


Innate Abilities, Weirdness & Mutations

You have a pair of horns on your head.
You reflexively headbutt those who attack you in melee.


Message History

Things that are here:
a +0 whip; a stone
There is an open door here.
There is an open door here.
A frilled lizard comes into view.
Found a faded altar of an unknown god.
The frilled lizard hisses angrily.
A frilled lizard is nearby!
A frilled lizard is nearby!
You slash the frilled lizard!
You kill the frilled lizard!
No target in view!
No target in view!
You see here a frilled lizard corpse.
There is a faded altar of an unknown god here.
A ball python comes into view.
The ball python hisses angrily.
You closely miss the ball python. Your headbutt misses the ball python.
You block the ball python's attack. x2
You barely miss the ball python. You headbutt the ball python.
The ball python is severely wounded.
You block the ball python's attack. The ball python grabs you.
The ball python constricts you. The ball python barely misses you.
The ball python constricts you.
You completely miss the ball python. You headbutt the ball python.
You kill the ball python!
No target in view!
No target in view!
There is a faded altar of an unknown god here.
There are no items here.
You cannot tell which god this altar belongs to.
Convert to them anyway?
Gozag accepts your prayer! Gozag welcomes you!
Gozag waives the service fee.
Unknown command.
Press < or > to pray at altars.
Autopickup is now off.
Unknown command.
Press < or > to pray at altars.
Are you sure you want to abandon this character and quit the game? (Confirm with "yes".)

######## #......# #......#
###### #......# #....########
#......# #...†........
#......# ###.♣♣♣♣♣...♣..
#......# #....♣♣♣♣♣
♣♣.##......## #.....♣.@♣♣♣
♣...>.......
#....♣.♣.♣.♣♣.♣.#......#.
#########.##♣♣♣..♣♣
♣♣..#######†
#.......#.#.♣♣♣†♣♣♣♣♣..######
#. #.†..>..♣♣.♣♣♣.♣♣♣♣.....#
#.
#.#.#.#..♣♣...♣.♣♣♣)....###.
#...#.##.♣♣♣♣♣♣.♣♣.......##.
#######♣..♣..♣.♣.........##.
#....♣....########.##.


There were no monsters in sight!

Vanquished Creatures
  A ball python (D:1)
  An endoplasm (D:1)
  A hobgoblin (D:1)
  3 frilled lizards (D:1)
  2 kobolds (D:1)
  4 rats (D:1)
12 creatures vanquished.

Notes
Turn   | Place    | Note
-------+----------+-------------------------------------------
     0 | D:1      | Exodus22XD the Minotaur Fighter began the quest for the
                  | Orb.
     0 | D:1      | Reached XP level 1. HP: 19/19 MP: 0/0
   387 | D:1      | Reached XP level 2. HP: 27/27 MP: 1/1
   478 | D:1      | Found a faded altar of an unknown god.
   504 | D:1      | Prayed at the altar of an unknown god.
   504 | D:1      | Became a worshipper of Gozag Ym Sagoz the Greedy
   505 | D:1      | Quit the game

Illustrated notes

Levels and vault maps discovered:
D:1:      kennysheep_arrival_forest, layout_basic,
          chequers_ecumenical_altar_grove

Action                   || total
-------------------------++-------
Melee: War axe           ||    24
       Headbutt          ||     6
Armor: Scale mail        ||     6
Dodge: Dodged            ||     6
Block: Buckler           ||     2
       Kite shield       ||     3
